 Dungeon Crawl Stone Soup version 0.18.1-8-gdd0e5ea (webtiles) character file.

2253 Wooh the Martial Artist (level 9, -4/64 HPs)
             Began as a Vine Stalker Monk on May 28, 2016.
             Was an Elder of Dithmenos.
             Slain by a wolf (6 damage)
             ... led by Grum
             ... on level 8 of the Dungeon.
             The game lasted 00:21:51 (4970 turns).

Wooh the Martial Artist (Vine Stalker Monk)         Turns: 4970, Time: 00:21:52

Health: -4/64      AC:  7    Str: 20    XL:     9   Next: 37%
Magic:  0/13       EV: 14    Int: 14    God:    Dithmenos [****..]
Gold:   162        SH:  4    Dex: 19    Spells: 0 memorised, 8 levels left

rFire  . . .     SeeInvis .       - Unarmed
rCold  . . .     Gourm    .     J - +2 leather armour of the Other Side {Int+4}
rNeg   . . .     Faith    .     d - +0 buckler
rPois  .         Spirit   +     (no helmet)
rElec  .         Dismiss  .     (no cloak)
rCorr  .         Reflect  .     m - +0 pair of gloves
SustAt .         Harm     .     p - +0 pair of boots
MR     +....                    x - amulet of rage
Stlth  ..........               (no ring)
                                (no ring)

@: berserking, wreathed by umbra, very quick, somewhat resistant to hostile
enchantments, extremely unstealthy
A: fangs 3, regeneration 2, magic shield, antimagic bite, no device heal 3, rot
immunity
a: Shadow Step, Renounce Religion, Evoke Berserk Rage


You were on level 8 of the Dungeon.
You worshipped Dithmenos.
Dithmenos was greatly pleased with you.
You were not hungry.

You visited 1 branch of the dungeon, and saw 8 of its levels.
You also visited: Sewer.

You collected 162 gold pieces.

Inventory:

Hand Weapons
 b - a +0 hand crossbow
 u - a +0 arbalest
 L - a +0 blowgun
Missiles
 o - 48 arrows
 t - 58 bolts
 G - 8 javelins (quivered)
 K - 42 poisoned needles
 O - 4 poisoned javelins
Armour
 d - a +0 buckler (worn)
 m - a +0 pair of gloves (worn)
 p - a +0 pair of boots (worn)
 J - the +2 leather armour of the Other Side (worn) {Int+4}
   (You found it on level 5 of the Dungeon)

   It affects your intelligence (+4).
Jewellery
 x - an amulet of rage (around neck)
Wands
 a - a wand of acid (5/15)
 E - a wand of paralysis (9/24)
 P - a wand of iceblast (10/15)
Scrolls
 c - a scroll of blinking {unknown}
 f - 13 scrolls of identify {unknown}
 i - a scroll of noise {unknown}
 l - a scroll of immolation {unknown}
 n - 4 scrolls of teleportation {unknown}
 r - a scroll of recharging {unknown}
 v - a scroll of random uselessness {unknown}
 y - 2 scrolls of fog {unknown}
 B - a scroll of magic mapping {unknown}
 I - a scroll of remove curse {unknown}
Potions
 e - 8 potions of curing {unknown}
 g - a potion of degeneration {unknown}
 j - 2 potions of resistance {unknown}
 k - a potion of might {unknown}
 q - 6 potions of heal wounds {unknown}
 s - 5 potions of brilliance {unknown}
 w - 6 potions of agility {unknown}
 z - 5 potions of flight {unknown}
 A - 2 potions of haste {unknown}
 C - a potion of cure mutation {unknown}
 F - a potion of mutation {unknown}
 N - a potion of lignification {unknown}
 Q - a potion of magic {unknown}
Comestibles
 h - 2 beef jerkies
 D - 2 meat rations
 H - 7 fruits
 M - 4 bread rations
 R - 2 chunks of flesh


   Skills:
 - Level 2.6 Fighting
 + Level 5.0 Dodging
 - Level 3.3 Stealth
 - Level 10.0 Unarmed Combat
 + Level 5.1 Evocations


You had 8 spell levels left.
You didn't know any spells.

Dungeon Overview and Level Annotations

Branches:
Dungeon (8/15)             Temple (0/1) D:5
   Lair: D:8-11

Altars:
Cheibriados
Dithmenos
Makhleb
Ru
Sif Muna
Zin
The Shining One

Annotations:
D:8 Grum


Innate Abilities, Weirdness & Mutations

You have razor-sharp teeth.
You heal very quickly.
When hurt, damage is shared between your health and your magic reserves.
Your bite disrupts and absorbs the magic of your enemies.
Potions and wands cannot restore your health.
You are immune to rotting.


Message History

The orc warrior hits you with a hand axe!
* * * LOW HITPOINT WARNING * * *
Grum the Hunter comes into view.
He is wielding a spear.
You punch the orc warrior!
You bite the orc warrior, but do no damage.
The orc warrior is heavily wounded.
You hit the orc warrior. Your bite misses the orc warrior.
The orc warrior is heavily wounded.
The orc warrior barely misses you.
You hit the orc warrior.
You bite the orc warrior, but do no damage.
The orc warrior is heavily wounded.
Your shadow closely misses the orc warrior.
The wolf closely misses you.
A wolf and a scorpion come into view.
The wolf howls!
You punch the orc warrior! Your bite misses the orc warrior.
The orc warrior is almost dead.
The wolf bites you!
You die...

######
#...†#
#..†<#
#..†.#
#..@.#
##ho##
#..#
.oo.
.....
#...g##
#....#
....sh


You could see Grum, an orc warrior, 2 wolves, a scorpion, an orc priest and an
orc.

Vanquished Creatures
  Pikel (D:4)
  A hungry ghost (D:6)
  An orc warrior (D:5)
  A slave (D:4)
  A phantom (D:6)
  A centaur (D:5)
  2 ogres
  4 big kobolds (Sewer)
  A scorpion (D:7)
  5 howler monkeys
  A crimson imp (D:5)
  2 giant frog zombies
  A hound (D:4)
  A jelly (D:5)
  2 orc priests
  2 giant frog skeletons
  Ijyb (D:4)
  2 orc wizards
  2 worker ants (D:5)
  A killer bee zombie (D:6)
  A hound skeleton (D:4)
  Robin (D:3)
  A howler monkey skeleton (D:5)
  6 adders
  5 river rats
  A shadow imp (D:5)
  An ooze (D:3)
  2 adder skeletons
  An adder zombie (D:5)
  3 worms
  4 dart slugs
  4 giant geckos
  13 orcs
  9 giant cockroaches
  15 goblins
  15 hobgoblins
  7 jackals
  2 quokkas
  7 ball pythons (Sewer)
  3 bats
  7 giant newts
  19 kobolds
  3 quokka skeletons
  29 rats
192 creatures vanquished.

Vanquished Creatures (others)
  An adder skeleton (D:4)
1 creature vanquished.

Grand Total: 193 creatures vanquished

Notes
Turn   | Place    | Note
--------------------------------------------------------------
     0 | D:1      | Wooh the Vine Stalker Monk began the quest for the Orb.
     0 | D:1      | Reached XP level 1. HP: 11/11 MP: 2/2
    90 | D:1      | Reached XP level 2. HP: 16/16 MP: 3/3
   580 | D:2      | Reached XP level 3. HP: 13/19 MP: 2/4
   877 | D:2      | Found a glowing silver altar of Zin.
   996 | D:2      | Found a faded altar to an unknown god.
  1072 | D:2      | Reached skill level 5 in Unarmed Combat
  1224 | D:2      | Found a deep blue altar of Sif Muna.
  1224 | D:2      | Found a sacrificial altar of Ru.
  1225 | D:2      | Found a glowing golden altar of the Shining One.
  1334 | D:2      | Found a snail-covered altar of Cheibriados.
  1463 | D:3      | Reached XP level 4. HP: 10/23 MP: 5/5
  1560 | D:3      | Noticed Robin
  1632 | D:3      | Killed Robin
  1774 | D:3      | Reached XP level 5. HP: 25/27 MP: 6/6
  1790 | D:3      | Found a shadowy altar of Dithmenos.
  1803 | D:3      | Became a worshipper of Dithmenos the Shadowed
  1803 | D:3      | Reached * piety under Dithmenos
  1803 | D:3      | Reached ** piety under Dithmenos
  2131 | D:3      | Reached skill level 6 in Unarmed Combat
  2270 | D:3      | Found a burning altar of Makhleb.
  2272 | D:3      | Noticed a green death
  2635 | D:4      | Noticed an ogre
  2646 | D:4      | Killed an ogre
  2646 | D:4      | Reached skill level 7 in Unarmed Combat
  2646 | D:4      | Gained mutation: You heal very quickly. [Vine Stalker growth]
  2646 | D:4      | Reached XP level 6. HP: 13/32 MP: 3/7
  2790 | D:4      | Noticed a slave
  2792 | D:4      | Noticed Pikel
  2793 | D:4      | Noticed a slave
  2794 | D:4      | Noticed a slave
  2794 | D:4      | Noticed a slave
  2812 | D:4      | Killed a slave
  2814 | D:4      | Paralysed by Pikel for 6 turns
  2828 | D:4      | Killed Pikel
  2828 | D:4      | Reached skill level 9 in Unarmed Combat
  2828 | D:4      | Reached XP level 7. HP: 26/35 MP: 8/8
  3042 | D:4      | Noticed Ijyb
  3055 | D:4      | Killed Ijyb
  3064 | D:4      | Gained mutation: You have razor-sharp teeth. [Vine Stalker growth]
  3064 | D:4      | Reached XP level 8. HP: 23/39 MP: 9/9
  3278 | D:5      | Entered Level 5 of the Dungeon
  3343 | D:5      | Reached skill level 1 in Evocations
  3457 | D:5      | Found a staircase to the Ecumenical Temple.
  3489 | D:5      | Reached *** piety under Dithmenos
  3497 | D:5      | Reached skill level 10 in Unarmed Combat
  3522 | D:5      | Got a steaming leather armour
  3533 | D:5      | Identified the +2 leather armour of the Other Side {Int+4} (You found it on level 5 of the Dungeon)
  3684 | D:5      | Found a glowing drain.
  3698 | Sewer    | Entered a sewer
  3998 | Sewer    | Reached **** piety under Dithmenos
  4242 | D:5      | Reached XP level 9. HP: 28/43 MP: 7/13
  4944 | D:8      | Reached skill level 5 in Evocations
  4949 | D:8      | Reached skill level 5 in Dodging
  4966 | D:8      | HP: 1/64 [orc warrior/hand axe (6)]
  4967 | D:8      | Noticed Grum
  4970 | D:8      | Slain by a wolf

Skill      XL: |  1  2  3  4  5  6  7  8  9 |
---------------+----------------------------+-----
Stealth        | 3 |  3.3
Unarmed Combat | 5 7 9 10 | 10.0
Evocations     | 4 5 |  5.1
Dodging        | 4 5 |  5.0
Fighting       | |  2.6

Action                   |  1- 3 |  4- 6 |  7- 9 || total
-------------------------+-------+-------+-------++-------
Melee: Unarmed           |   141 |   156 |   297 ||   594
       Bite              |    31 |    49 |    94 ||   174
 Fire: Hand crossbow     |       |       |     7 ||     7
 Abil: Evoke Berserk Rag |       |     1 |     2 ||     3
 Stab: Sleeping          |     7 |     6 |    12 ||    25
       Distracted        |       |     1 |       ||     1
  Eat: Chunk             |     2 |     4 |     8 ||    14
       Bread ration      |       |       |     1 ||     1
Armor: Robe              |    21 |    18 |    14 ||    53
       Leather armour    |       |       |    45 ||    45
Dodge: Dodged            |    61 |    70 |   238 ||   369
Block: Buckler           |    17 |    26 |    66 ||   109
